 Dungeon Crawl Stone Soup version 0.30-a0-920-g7493c07aab (webtiles) character file.

Game seed: 10021262717691042968

16643 ytrimaz the Severer (level 12, -33/91 HPs)
             Began as a Minotaur Berserker on Mar 16, 2023.
             Was an Elder of Trog.
             Annihilated by a titanic slime creature (73 damage)
             ... on level 12 of the Dungeon on Mar 21, 2023.
             The game lasted 00:14:45 (12793 turns).

ytrimaz the Severer (Minotaur Berserker)           Turns: 12793, Time: 00:14:45

Health: -33/91     AC: 22    Str: 27    XL:     12   Next: 11%
Magic:  11/11      EV: 11    Int:  4    God:    Trog [****..]
Gold:   718        SH:  0    Dex: 10    Spells: 11/11 levels left

rFire   . . .      SeeInvis .    A - +0 hand axe (heavy)
rCold   . . .      Faith    .    (no shield)
rNeg    + . .      Spirit   .    m - +4 scale mail
rPois   .          Reflect  .    (helmet restricted)
rElec   .          Rampage  .    w - +2 cloak
rCorr   .                        d - +2 pair of gloves
Will    .....                    (no boots) Stlth
                                 (no amulet)
HPRegen 0.35/turn                c - ring of positive energy
MPRegen 0.12/turn                (no ring)

@: about to teleport
A: horns 2, retaliatory headbutt
a: Renounce Religion, Berserk, Trog's Hand, Brothers in Arms


You were on level 12 of the Dungeon.
You worshipped Trog.
Trog was greatly pleased with you.
You visited 2 branches of the dungeon, and saw 13 of its levels.

You collected 790 gold pieces.
You spent 72 gold pieces at shops.


Innate Abilities, Weirdness & Mutations

You have a pair of horns on your head.
You reflexively headbutt those who attack you in melee.


   Skills:
 - Level 4.1 Fighting
 + Level 16.8 Axes
 + Level 16.6 Armour
 - Level 2.1 Dodging


You had 11 spell levels left.
You didn't know any spells.
Your spell library was empty.

Inventory:

Hand Weapons
 a - a +0 hand axe of venom
 s - a +0 war axe
   (You took it off an orc on level 4 of the Dungeon)
 A - a +0 heavy hand axe (weapon)
   (You took it off an orc on level 7 of the Dungeon)
Armour
 d - a +2 pair of gloves (worn)
   (You found it on level 1 of the Dungeon)
 k - a scarf of repulsion
   (You found it on level 4 of the Dungeon)
 m - a +4 scale mail (worn)
   (You found it on level 2 of the Dungeon)
 t - the +2 chain mail "Vacuorr" {Rampage}
   (You found it on level 5 of the Dungeon)

   Rampage:   It bestows one free step when moving towards enemies.
 w - a +2 cloak (worn)
   (You took it off Crazy Yiuf on level 5 of the Dungeon)
Jewellery
 c - a ring of positive energy (left hand)
   (You found it on level 4 of the Dungeon)
Wands
 n - a wand of charming (9)
   (You found it on level 3 of the Dungeon)
 v - a wand of roots (14)
   (You took it off Ijyb on level 5 of the Dungeon)
Scrolls
 g - a scroll of immolation
 i - 10 scrolls of teleportation
 p - 3 scrolls of enchant weapon
 r - a scroll of magic mapping
 y - 2 scrolls of blinking
 z - 3 scrolls of fear
 C - 3 scrolls of identify
Potions
 b - 2 potions of heal wounds
 e - 6 potions of curing
 f - a potion of magic
 h - 3 potions of might
 j - 3 potions of haste
 o - 4 potions of lignification
 q - a potion of cancellation
 u - 2 potions of ambrosia
 x - 2 potions of mutation
 B - 2 potions of flight

Dungeon Overview and Level Annotations

Branches:
Dungeon (12/15) Zot: 26109  Temple (0/1) D:4            Lair (1/5) D:9 Zot: 5998
    Orc: D:9-12

Altars:
Dithmenos
Fedhas
Kikubaaqudgha
Nemelex Xobeh
Okawaru
Trog
Xom
Yredelemnul
The Shining One

Shops:
D:2 ?   D:3 *   D:5 (   D:10 ( D:12

?!? #..........#####.#
#.#.♣.♣.#..# #.#
#..........# #.#####
#.♣.♣.♣.♣.## ##.....)
#...._....#####...#..#
#.♣.♣.♣.♣.#..........)
#.........#..8≈≈≈≈≈≈≈≈
#.#)♣.♣.#....≈8≈≈≈≈≈≈≈
#.†).@J.)J.).≈≈.'#####
########.##..≈≈)#.....
#.....≈≈##.....
####.....).)..)
##.J≈≈##.....
#...≈≈)#.....
#...≈≈.'#####
#...≈8≈≈≈≈≈≈≈
#...8≈≈≈≈≈≈≈≈


You could see a titanic slime creature and a large slime creature.


Message History

Unknown command.
There are monsters nearby!
There are monsters nearby! 2 slime creatures come into view.
The slime creature quivers. x2
A slime creature comes into view. x2 2 slime creatures come into view.
The slime creature quivers. x3
A slime creature comes into view.
The slime creature quivers.
The orc warrior hits you but does no damage.
The slime creature hits you but does no damage.
You hit the slime creature. You headbutt the slime creature.
You slash the orc warrior!
The orc warrior hits you with a +0 battleaxe.
Two slime creatures merge to form a large slime creature. 😕 HP[-4]
You take 4 damage, and now have 87/91 hp.
You closely miss the orc warrior. Your headbutt misses the orc warrior.
You slash the large slime creature!
The orc warrior hits you with a +0 battleaxe.
The large slime creature hits you but does no damage.
The large slime creature attacks as you move away!
The large slime creature hits you!
Two slime creatures merge to form a large slime creature.
Unknown command. 😕 HP[-15]
You take 15 damage, and now have 72/91 hp.
The slime creature attacks as you move away!
The slime creature hits you but does no damage.
The orc warrior attacks as you move away!
The orc warrior closely misses you.
The slime creature attacks as you move away!
The slime creature hits you but does no damage. 😕 HP[+1] 😕 HP[+1]
You slice the orc warrior!!
You kill the orc warrior!
Trog accepts your kill.
You hit the slime creature. You slash the large slime creature!
The slime creature hits you.
A large slime creature splits.
The slime creature barely misses you. You furiously retaliate!
You headbutt the slime creature!
Things that are here:
a +0 battleaxe; a +0 chain mail; 😮 HP[-6]
You take 6 damage, and now have 68/91 hp.
You hit the slime creature. You slash the slime creature! x2
You hit the slime creature. You slash the slime creature!
The slime creature barely misses you. You furiously retaliate!
You headbutt the slime creature!
The slime creature hits you but does no damage. x2
Two slime creatures merge to form a large slime creature. 😕 HP[+1]
You barely miss the slime creature. You hit the slime creature.
You hit the large slime creature. x2; You slash the slime creature!
You hit the slime creature. The slime creature hits you! x3
* * * LOW HITPOINT WARNING * * *
The large slime creature closely misses you.
The slime creature closely misses you. You furiously retaliate!
You headbutt the slime creature! 😨 HP[-29]
You take 29 damage, and now have 40/91 hp.
MASSIVE DAMAGE!! (PAUSE)
The slime creature attacks as you move away!
The slime creature hits you.
* * * LOW HITPOINT WARNING * * *
The slime creature attacks as you move away!
The slime creature hits you but does no damage.
The slime creature barely misses you.
Two slime creatures merge to form a large slime creature.
A large slime creature splits.
The slime creature hits you but does no damage.
A large slime creature splits. 😨 HP[-2]
You take 2 damage, and now have 38/91 hp.
The slime creature attacks as you move away!
The slime creature hits you but does no damage.
Two slime creatures merge to form a very large slime creature. 😨 HP[+1] Two slime creatures merge to form a large slime creature.
The slime creature attacks as you move away!
The slime creature hits you.
* * * LOW HITPOINT WARNING * * *
Things that are here:
a +0 dagger; a +0 robe; 16 gold pieces; 😨 HP[-3]
You take 3 damage, and now have 36/91 hp.
Two slime creatures merge to form a large slime creature.
Two slime creatures merge to form a titanic slime creature. 😨 HP[+1] Two slime creatures merge to form a large slime creature.
The orc warrior throws a stone.
The stone hits you but does no damage. 😨 HP[+1] 😨 HP[+1]
As you read the scroll of teleportation, it crumbles to dust.
You feel strangely unstable. 😨 HP[+1]
The titanic slime creature attacks as you move away!
The titanic slime creature hits you!!!!
Ouch! That really hurt!
You die...

Skill      XL: |  1  2  3  4  5  6  7  8  9 10 11 |
---------------+----------------------------------+-----
Axes           | 4 5 6 7 8 10 12 14 16 | 16.8
Fighting       | 4 |  4.1
Armour         | 3 4 5 6 8 10 12 14 16 | 16.6
Dodging        | |  2.1

Action                     |  1- 3 |  4- 6 |  7- 9 | 10-12 || total
---------------------------+-------+-------+-------+-------++-------
  Melee: Hand axe          |    73 |    74 |   190 |   500 ||   837
         Headbutt          |     7 |     9 |    34 |    91 ||   141
         Punch             |     1 |       |     2 |     3 ||     6
 Invoke: Berserk           |       |     2 |     4 |     4 ||    10
         Trog's Hand       |       |       |       |     2 ||     2
         Brothers in Arms  |       |       |       |     2 ||     2
    Use: Scroll            |       |     7 |     6 |     9 ||    22
         Potion            |       |       |       |     4 ||     4
 Armour: Animal skin       |    21 |       |       |       ||    21
         Scale mail        |    11 |    27 |   101 |   325 ||   464
  Dodge: Dodged            |    54 |    40 |    97 |   258 ||   449

Levels and vault maps discovered:
D:1:      minmay_arrival_arboretum_small, layout_rooms,
          hellmonk_ecumenical_altar_watching_god
D:2:      minmay_diamond_boxcup, layout_rooms, serial_shops, shop_fountains,
          minivault_27, kennysheep_crisscross, hex_intersection, minivault_26
D:3:      layout_loops_ring, mainiacjoe_overflow_concentric_impassable,
          serial_shops, shop_fountains
D:4:      minmay_angry_zag, layout_basic, minmay_temple_entry_arrows,
          nicolae_figureground_sparkle
D:5:      layout_cave_pods, serial_shops, nicolae_stop_n_shop_1,
          uniq_crazy_yiuf_cottage, uniq_prince_ribbit1, uniq_ijyb
D:6:      layout_loops_ring, kennysheep_mini_moat, uniq_edmund
D:7:      layout_basic, led_xom_imps, fedhas_altar_1, lemuel_tele_altar,
          uniq_joseph
D:8:      layout_layer_cave, mainiacjoe_overflow_six_doors_small,
          minmay_lizard_king, uniq_grum, uniq_maurice
D:9:      layout_irregular_city, erik_lair_island
D:10:     layout_basic, tso_oasis_becter, lemuel_mausoleum_altar_kikubaaqudgha,
          serial_shops, shop
D:11:     layout_basic, yredelemnul_forgotten_temple_becter
D:12:     layout_loops_ring, erik_orc_2, serial_shops, kennysheep_little_box,
          shop, nicolae_shop_crystal, nicolae_lakefront_shop, okawaru_trees_1
Lair:1:   wad_woods_tower, layout_long_grid, infiniplex_staircase_pool,
          uniq_urug

Notes
Turn   | Place    | Note
-------+----------+-------------------------------------------
     0 | D:1      | ytrimaz the Minotaur Berserker began the quest for the Orb.
     0 | D:1      | Reached XP level 1. HP: 19/19 MP: 0/0
     0 | D:1      | magus.rc [v1.9.6]
   137 | D:1      | Noticed a floating eye
   138 | D:1      | Found a faded altar of an unknown god.
   145 | D:1      | Reached XP level 2. HP: 21/27 MP: 1/1
   200 | D:1      | Reached skill level 4 in Axes
   244 | D:1      | Noticed a golden eye
   292 | D:1      | Noticed a shining eye
   296 | D:1      | Noticed a floating eye
   367 | D:1      | Reached skill level 4 in Fighting
   367 | D:1      | Reached skill level 3 in Armour
   614 | D:2      | Found Ixef Vot's Magic Scroll Shoppe.
   646 | D:2      | Reached XP level 3. HP: 33/33 MP: 2/2
   878 | D:2      | Reached ** piety under Trog
  1064 | D:2      | Reached XP level 4. HP: 33/40 MP: 3/3
  1142 | D:3      | Reached skill level 4 in Armour
  1205 | D:3      | Found Jutsaagae's Assorted Antiques.
  1427 | D:3      | Reached skill level 5 in Axes
  1692 | D:3      | Found a sparkling altar of Nemelex Xobeh.
  2199 | D:4      | Reached XP level 5. HP: 24/46 MP: 4/4
  2325 | D:4      | Found a staircase to the Ecumenical Temple.
  2349 | D:4      | Noticed an ogre
  2353 | D:4      | Killed an ogre
  2354 | D:4      | Reached skill level 6 in Axes
  2354 | D:4      | Reached skill level 5 in Armour
  2358 | D:4      | Reached XP level 6. HP: 52/52 MP: 5/5
  2811 | D:5      | Entered Level 5 of the Dungeon
  2811 | D:5      | Found Ebaekem's Weapon Emporium.
  2821 | D:5      | Reached skill level 6 in Armour
  2908 | D:5      | Reached skill level 7 in Axes
  2953 | D:5      | Identified the +2 chain mail "Vacuorr" {Rampage}
  2968 | D:5      | Reached XP level 7. HP: 56/59 MP: 6/6
  3050 | D:5      | Reached skill level 7 in Armour
  3301 | D:5      | Reached *** piety under Trog
  3511 | D:5      | Found a runed translucent door.
  3512 | D:5      | Noticed Crazy Yiuf
  3710 | D:5      | Noticed Ijyb
  3715 | D:5      | Noticed Prince Ribbit
  3716 | D:5      | Killed Ijyb
  3729 | D:5      | Reached skill level 8 in Axes
  3742 | D:5      | Killed Prince Ribbit
  3743 | D:5      | Reached skill level 8 in Armour
  3743 | D:5      | Reached XP level 8. HP: 40/66 MP: 7/7
  3952 | D:5      | Killed Crazy Yiuf
  3968 | D:5      | Upgraded the game from 0.30-a0-883-g5ad918d77d to
                  | 0.30-a0-920-g7493c07aab
  3968 | D:5      | magus.rc [v1.9.6]
  4159 | D:6      | Reached skill level 9 in Axes
  4392 | D:6      | You fall into a shaft and drop 2 floors!
  4449 | D:8      | Noticed a komodo dragon
  4452 | D:8      | Reached skill level 9 in Armour
  4463 | D:8      | Killed a komodo dragon
  4464 | D:8      | Reached skill level 10 in Axes
  4713 | D:8      | Noticed Maurice
  4736 | D:8      | Killed Maurice
  4737 | D:8      | Reached skill level 10 in Armour
  4737 | D:8      | Reached XP level 9. HP: 71/71 MP: 8/8
  4838 | D:8      | Found a shadowy altar of Dithmenos.
  4906 | D:8      | Noticed Grum
  4918 | D:8      | Reached skill level 11 in Axes
  4928 | D:8      | Killed Grum
  4929 | D:8      | Reached skill level 11 in Armour
  5087 | D:8      | Reached skill level 12 in Axes
  5092 | D:8      | Reached skill level 12 in Armour
  5739 | D:8      | Reached **** piety under Trog
  6212 | D:7      | Reached XP level 10. HP: 61/78 MP: 9/9
  6326 | D:7      | Found a blossoming altar of Fedhas.
  6631 | D:7      | Found a bloodstained altar of Trog.
  6693 | D:7      | Found a shimmering altar of Xom.
  6699 | D:7      | Noticed Joseph
  6716 | D:7      | Killed Joseph
  6985 | D:7      | Reached skill level 13 in Axes
  7682 | D:6      | Noticed Edmund
  7693 | D:6      | Killed Edmund
  7738 | D:6      | Reached skill level 13 in Armour
  8029 | D:6      | Found an iron altar of Okawaru.
  8320 | D:9      | Found a staircase to the Lair.
  8343 | D:9      | Reached skill level 14 in Axes
  9335 | Lair:1   | Entered Level 1 of the Lair of Beasts
  9355 | D:10     | Entered Level 10 of the Dungeon
  9393 | D:10     | Found an ancient bone altar of Kikubaaqudgha.
  9404 | D:10     | Reached skill level 14 in Armour
  9637 | D:10     | Reached ***** piety under Trog
  9666 | D:10     | Reached XP level 11. HP: 79/84 MP: 10/10
  9788 | D:10     | Reached skill level 15 in Axes
  9991 | D:10     | Noticed a sun demon
 10075 | D:10     | Found a glowing golden altar of the Shining One.
 10126 | D:10     | Reached skill level 15 in Armour
 10276 | D:10     | Found Dempiuts's Weapon Boutique.
 10400 | D:11     | Noticed a skeletal warrior
 10402 | D:11     | Noticed a skeletal warrior
 10414 | D:11     | HP: 21/84 [skeletal warrior/+0 scimitar (5)]
 10430 | D:11     | Killed a skeletal warrior
 10434 | D:11     | Killed a skeletal warrior
 10628 | D:11     | Noticed a skeletal warrior
 10647 | D:11     | Killed a skeletal warrior
 10984 | D:11     | Noticed a white ugly thing
 10994 | D:11     | Killed a white ugly thing
 10995 | D:11     | Reached skill level 16 in Axes
 11103 | D:11     | Reached skill level 16 in Armour
 11108 | D:11     | HP: 21/84 [something (2)]
 11113 | D:11     | HP: 16/84 [vampire/vampiric draining (1)]
 11114 | D:11     | HP: 3/84 [vampire (7)]
 11469 | D:11     | Found a basalt altar of Yredelemnul.
 11891 | D:12     | Found Seus's Magic Scroll Shoppe.
 11896 | D:12     | Bought 2 scrolls of identify for 48 gold pieces
 11896 | D:12     | Bought a scroll of identify for 24 gold pieces
 11974 | D:12     | Found Ylemotou's Distillery.
 12090 | D:12     | Found Cuempeoz's Magic Scroll Emporium.
 12215 | D:12     | Reached XP level 12. HP: 56/91 MP: 11/11
 12600 | D:12     | Found an iron altar of Okawaru.
 12621 | D:12     | Noticed a boulder beetle
 12635 | D:12     | Killed a boulder beetle
 12793 | D:12     | Annihilated by a titanic slime creature

Vanquished Creatures
  A boulder beetle (D:12)
  A skeletal warrior (D:11)
  2 cyclopes (D:11)
  An ugly thing (D:11)
  Joseph (D:7)
  Maurice (D:8)
  2 gargoyles
  An unseen horror (D:10)
  An unseen horror zombie (D:10)
  A komodo dragon (D:8)
  A kobold demonologist (D:10)
  4 trolls
  Prince Ribbit (D:5)
  2 wyverns
  2 water elementals (D:12)
  3 shadows
  13 yaks
  A vampire (D:11)
  Grum (D:8)
  2 vampire mosquitoes (D:12)
  A steam dragon (D:6)
  Edmund (D:6)
  An acid dragon (D:8)
  2 black bears (D:5)
  2 ice beasts
  5 orc warriors
  A sky beast (D:7)
  3 ogres
  5 centaurs
  7 wolves
  2 phantoms
  4 kobold brigands
  2 bullfrogs
  A gnoll sergeant (D:6)
  2 necrophages (D:10)
  A scorpion (D:5)
  10 wights
  3 killer bees (D:9)
  4 electric eels
  A howler monkey (D:11)
  4 crimson imps (D:7)
  4 centaur zombies (D:10)
  A human zombie (D:10)
  A jelly (D:6)
  3 hounds
  8 orc priests
  Crazy Yiuf (D:5)
  A gnoll bouda (D:9)
  6 iguanas
  Ijyb (D:5)
  9 orc wizards
  2 mummies (D:10)
  14 gnolls
  4 adders
  A shadow imp (D:7)
  An ufetubus (D:4)
  2 worms
  2 dart slugs
  37 orcs
  6 bats
  2 endoplasms
  3 giant cockroaches
  6 goblins
  3 jackals (D:4)
  22 kobolds
  5 quokkas
  4 ball pythons
  5 frilled lizards
  3 rats (D:2)
  A spectral orc (D:11)
262 creatures vanquished.

Vanquished Creatures (collateral kills)
  2 skeletal warriors (D:11)
  A water elemental (D:11)
3 creatures vanquished.

Vanquished Creatures (others)
  7 plants
7 creatures vanquished.

Grand Total: 272 creatures vanquished

Table legend:
 A = Non-vault XP
 B = Vault XP
 C = Vault XP percentage of total XP
 D = Non-vault monster count
 E = Vault monster count
 F = Vault count percentage of total count
                 A         B        C        D         E       F
            +---------+---------+-------+---------+---------+-------
      Total |   17407 |    6370 |  26.8 |     198 |      67 |  25.3
            +---------+---------+-------+---------+---------+-------
        D:1 |      31 |       0 |   0.0 |       9 |       0 |   0.0
        D:2 |      57 |      12 |  17.4 |      14 |       6 |  30.0
        D:3 |      42 |       0 |   0.0 |      11 |       0 |   0.0
        D:4 |     346 |      14 |   3.9 |      16 |       2 |  11.1
        D:5 |     594 |     372 |  38.5 |       9 |       3 |  25.0
        D:6 |     797 |     162 |  16.9 |      19 |       1 |   5.0
        D:7 |     970 |     669 |  40.8 |      27 |       5 |  15.6
        D:8 |    1936 |    1524 |  44.0 |      18 |      13 |  41.9
        D:9 |    1310 |     810 |  38.2 |      25 |       6 |  19.4
       D:10 |    2913 |    2222 |  43.3 |      17 |      12 |  41.4
       D:11 |    6098 |       1 |   0.0 |      25 |       1 |   3.8
       D:12 |    2313 |     584 |  20.2 |       8 |      18 |  69.2
            +---------+---------+-------+---------+---------+-------

Illustrated notes

Table legend:
 A = Kills in this place as a percentage of kills in the entire game.
 B = Kills by you in this place as a percentage of kills by you in the entire game.
 C = Kills by friends in this place as a percentage of kills by friends in the entire game.
 D = Other kills in this place as a percentage of other kills in the entire game.
 E = Experience gained in this place as a percentage of experience gained in the entire game.
 F = Experience gained in this place divided by the number of levels of this place that you have seen.
                   A       B       C       D       E      F
               +-------+-------+-------+-------+-------+----------------------
         Total | 100.0 | 100.0 | 100.0 |   N/A | 100.0 | 1829.0
       Dungeon | 100.0 | 100.0 | 100.0 |   N/A | 100.0 | 1981.4
               +-------+-------+-------+-------+-------+----------------------

Table legend: (Time is in decaauts)
 A = Elapsed time spent in this place.
 B = Non-inter-level travel time spent in this place.
 C = Inter-level travel time spent in this place.
 D = Time resting spent in this place.
 E = Time spent auto-exploring this place.
 F = Levels seen in this place.
 G = Mean time per level.
                   A        B        C        D        E       F      G
               +--------+--------+--------+--------+--------+-----+--------+
         Total |  12721 |  12302 |    419 |    749 |   9680 |  13 |  978.5 |
       Dungeon |  12719 |  12300 |    419 |    749 |   9680 |  12 | 1059.9 |
          Lair |      1 |      1 |      0 |      0 |      0 |   1 |    1.0 |
               +--------+--------+--------+--------+--------+-----+--------+

Top non-repeatable levels by time:
     D:8: 1803 daAuts
    D:11: 1522 daAuts
     D:5: 1326 daAuts
     D:7: 1304 daAuts
     D:9: 1179 daAuts
    D:10: 1013 daAuts
    D:12: 890 daAuts
     D:3: 887 daAuts
     D:6: 842 daAuts
     D:4: 809 daAuts
     D:2: 660 daAuts
     D:1: 481 daAuts
  Lair:1: 1 daAuts
